AoeStats
← ImJoker

Black Forest

509707478Analyzed
4v4 RM · 4d ago on Sep 27, 2026· 40m 51s· 8 players
Game mode
Random Map
Map size
Large (8 player)
Population
200
Speed
Normal
Resources
Standard
Victory
Conquest
Starting age
Dark Age
Ending age
Imperial Age
RankedLock teamsTeams togetherTeam positionsShared explorationLock speedFull tech treeHidden civsTurbo modeCheats
Victory
Defeat
🇲🇽 Danes · Mexico
1107
+13
🇲🇽 Vietnamese · Mexico
1106
+13
🇨🇭 Ethiopians · Switzerland
1091
+13
🇧🇪 Japanese · Belgium
1064
+14
🇹🇷 Gurjaras · Türkiye
1084
-16
🇧🇷 Poles · Brazil
1056
-14
🇹🇷 Magyars · Türkiye
1018
-13
🇹🇷 Celts · Türkiye
958
-10
Tangafair
1:54 Loom
12:58 Feudal Age
17:28 Castle Age
16:30 Double-Bit Axe
19:24 Horse Collar
27:34 Bow Saw
27:34 Heavy Plow
29:23 Wheelbarrow
28:33 Town Watch
29:40 Gold Mining
29:40 Stone Mining
33:07 Imperial Age
31:24 Gold Shaft Mining
30:42 Fletching
30:58 Yasama
31:43 Murder Holes
31:29 Treadmill Crane
31:54 Bodkin Arrow
32:12 Fortified Wall
32:03 Guard Tower
32:56 Hand Cart
32:41 Town Patrol
33:39 Ballistics
34:35 Keep
35:01 Chemistry
34:02 Bracer
34:27 Conscription
34:39 Masonry
35:33 Fortified Wall
36:41 Two-Man Saw
37:09 Caravan
37:40 Coinage
37:36 Onager
38:17 Arrowslits
38:37 Siege Engineers
39:00 Kataparuto
39:31 Elite Samurai
40:46 Hoardings
40:23 Forging
40:13 Scale Mail Armor
40:47 Banking
miniRy
1:08 Loom
12:18 Feudal Age
12:44 Double-Bit Axe
19:00 Castle Age
18:45 Horse Collar
21:34 Heavy Plow
24:42 Bow Saw
26:56 Wheelbarrow
27:15 Gold Mining
27:54 Fletching
32:34 Imperial Age
29:42 Elite Skirmisher
30:58 Thumb Ring
31:15 Bodkin Arrow
31:20 Padded Archer Armor
32:14 Ballistics
33:00 Leather Archer Armor
34:25 Chemistry
32:55 Imperial Skirmisher
34:19 Crop Rotation
34:14 Hand Cart
34:46 Town Watch
36:02 Two-Man Saw
35:27 Bracer
35:42 Fortified Wall
37:50 Forging
37:40 Scale Mail Armor
37:51 Pikeman
38:31 Squires
38:52 Halberdier
40:28 Ring Archer Armor
40:13 Chain Mail Armor
40:35 Iron Casting
40:10 Town Patrol
Babulus
0:43 Loom
13:56 Feudal Age
17:50 Castle Age
17:35 Double-Bit Axe
17:33 Horse Collar
17:48 Town Watch
25:44 Fortified Wall
28:00 Wheelbarrow
28:50 Double-Bit Axe
28:48 Horse Collar
29:33 Stone Mining
29:48 Heavy Plow
29:40 Gold Mining
34:33 Imperial Age
33:25 Ballistics
33:16 Masonry
33:25 Town Patrol
33:47 Forging
34:29 Hand Cart
34:17 Scale Mail Armor
34:35 Caravan
36:16 Chemistry
36:00 Squires
36:36 Iron Casting
35:53 Fletching
36:04 Padded Archer Armor
36:36 Husbandry
35:56 Light Cavalry
37:48 Architecture
37:50 Chain Mail Armor
38:00 Elite Skirmisher
40:05 Plate Mail Armor
39:50 Leather Archer Armor
39:49 Bodkin Arrow
40:54 Blast Furnace
40:10 Leather Archer Armor
40:00 Crossbowman
41:19 Bow Saw
41:44 Gold Shaft Mining
41:45 Stone Shaft Mining
40:46 Imperial Skirmisher
victor_mv7
9:30 Loom
11:16 Feudal Age
13:14 Double-Bit Axe
16:07 Castle Age
14:07 Stone Mining
14:30 Gold Mining
15:17 Horse Collar
17:00 Bow Saw
19:46 Wheelbarrow
22:21 Heavy Plow
25:19 Hand Cart
25:26 Scale Mail Armor
25:37 Forging
29:24 Iron Casting
32:28 Imperial Age
30:12 Squires
29:57 Gambesons
29:59 Arson
30:18 Hamask
31:50 Chain Mail Armor
33:01 Onager
34:06 Conscription
33:41 Pikeman
35:33 Chemistry
34:53 Ballistics
36:00 Siege Onager
38:01 Plate Mail Armor
37:57 Halberdier
38:44 Northmen's Fury
39:09 Capped Ram
40:09 Elite Varangian Guard
Kori
0:36 Loom
13:37 Feudal Age
18:37 Castle Age
16:57 Horse Collar
17:29 Double-Bit Axe
19:52 Bow Saw
19:44 Heavy Plow
22:02 Town Watch
24:13 Stone Mining
25:09 Wheelbarrow
26:32 Hand Cart
26:18 Town Patrol
27:44 Fortified Wall
33:24 Imperial Age
35:12 Stone Shaft Mining
34:28 Gold Mining
35:21 Husbandry
35:31 Bloodlines
35:01 Elite Shrivamsha Rider
37:57 Scale Barding Armor
Bira+Fistik
0:53 Loom
15:06 Feudal Age
16:20 Double-Bit Axe
16:17 Horse Collar
20:26 Castle Age
20:02 Scale Mail Armor
22:30 Bow Saw
21:56 Man-at-Arms
23:19 Forging
24:34 Long Swordsman
26:08 Heavy Plow
26:06 Gambesons
28:27 Arson
28:33 Town Watch
30:17 Fortified Wall
30:26 Masonry
31:52 Chain Mail Armor
33:31 Iron Casting
38:36 Imperial Age
38:48 Imperial Age
38:31 Wheelbarrow
39:28 Two-Handed Swordsman
ImJoker
7:23 Loom
13:07 Feudal Age
17:12 Castle Age
16:15 Double-Bit Axe
16:17 Horse Collar
18:50 Bow Saw
19:22 Heavy Plow
26:44 Husbandry
28:15 Wheelbarrow
33:34 Imperial Age
32:31 Scale Barding Armor
33:15 Bloodlines
33:37 Hand Cart
33:37 Cavalier
35:21 Paladin
38:08 Chain Barding Armor
AcheronianoSSx
7:41 Loom
10:02 Feudal Age
11:17 Double-Bit Axe
11:15 Horse Collar
20:00 Stone Mining
20:15 Gold Mining
22:08 Wheelbarrow
26:13 Castle Age
27:41 Bow Saw
33:13 Imperial Age
32:04 Bloodlines
31:58 Husbandry
31:56 Light Cavalry
32:56 Heavy Plow
33:48 Hand Cart
33:56 Forging
33:53 Scale Barding Armor
34:42 Conscription
34:44 Lechitic Legacy
34:07 Winged Hussar
37:07 Iron Casting
37:46 Chain Barding Armor
39:07 Blast Furnace
39:32 Cavalier
Connection lost

Rejoining the realm…

Still unreachable

The connection could not be restored.

Session expired

The server has moved on; the page needs a fresh start.